 Dungeon Sprint DCSS version 0.22-a0-81-g7478db5 (webtiles) character file.

1062 Kidiri the Ogre Mage (level 8, 0/88 HPs)
             Began as an Ogre Fire Elementalist on Jan 18, 2018.
             Was a Priest of Vehumet.
             Slain by a seven-headed hydra (15 damage)
             ... in the Dungeon (Sprint IX: "|||||||||||||||||||||||||||||").
             The game lasted 00:02:51 (744 turns).

Kidiri the Ogre Mage (Ogre Fire Elementalist)        Turns: 744, Time: 00:02:51

Health: 0/88       AC:  5    Str: 13    XL:     8   Next: 27%
Magic:  14/22      EV: 17    Int: 18    God:    Vehumet [***...]
Gold:   27         SH:  0    Dex:  9    Spells: 9/27 levels left

rFire    . . .     SeeInvis .   n - +10 zealot's sword {holy, *Rage rN+ EV+3}
rCold    . . .     Gourm    .   (no shield)
rNeg     + . .     Faith    .   a - +0 robe
rPois    .         Spirit   .   (helmet restricted)
rElec    .         Reflect  .   (no cloak)
rCorr    .         Harm     .   (gloves unavailable)
MR       .....     Rnd*Rage +   (boots unavailable) Stlth +.........NoTele +
                                (no amulet)
HPRegen  0.24/turn              o - +2 ring of evasion
MPRegen  0.18/turn              p - +2 ring of protection

@: no status effects
A: large, unfitting armour, tough skin 1
a: Renounce Religion


You were in the Dungeon.
You worshipped Vehumet.
Vehumet was most pleased with you.
You were not hungry.

You visited 1 branch You collected 27 gold pieces.

Inventory:

Hand Weapons
 n - the +10 zealot's sword (weapon) {holy, *Rage rN+ EV+3}
   (You found it in the Dungeon)

   It has been blessed by the Shining One to cause great damage to the undead
   and demons.
   It affects your evasion (+3).
   It protects you from negative energy.
   It may make you go berserk in combat.
Armour
 a - a +0 robe (worn)
Jewellery
 o - a +2 ring of evasion (left hand)
 p - a +2 ring of protection (right hand)
Wands
 m - a wand of acid (10)
Scrolls
 i - 2 scrolls of blinking
 k - 4 scrolls of remove curse
 l - 2 scrolls of amnesia
 s - a scroll of fog
 t - a scroll of identify
 u - a scroll of fear
 v - 2 scrolls of enchant armour
Potions
 d - 5 potions of curing
 e - 5 potions of heal wounds
 f - 3 potions of haste
 g - 4 potions of magic
 h - a potion of invisibility
 q - a potion of berserk rage
 r - a potion of agility
Books
 b - a book of Flames

   Spells                             Type                      Level
   a - Flame Tongue                   Conjuration/Fire             1
   b - Throw Flame                    Conjuration/Fire             2
   c - Conjure Flame                  Conjuration/Fire             3
   d - Inner Flame                    Hexes/Fire                   3
   e - Sticky Flame                   Conjuration/Fire             4
   f - Fireball                       Conjuration/Fire             5
Comestibles
 c - a ration
 j - 2 chunks of flesh


   Skills:
 + Level 8.2 Fighting
 + Level 5.0 Long Blades
 + Level 4.9 Armour
 + Level 6.0 Dodging
 - Level 1.4 Stealth
 - Level 2.1 Unarmed Combat
 * Level 10.0 Spellcasting
 + Level 5.7 Conjurations
 + Level 6.2 Fire Magic


You had 9 spell levels left.
You knew the following spells:

 Your Spells              Type           Power        Failure   Level  Hunger
a - Flame Tongue          Conj/Fire      ####.        1%          1    None
b - Throw Flame           Conj/Fire      ####..       1%          2    None
c - Conjure Flame         Conj/Fire      ####....     1%          3    None
d - Inner Flame           Hex/Fire       ###.....     1%          3    None
e - Sticky Flame          Conj/Fire      ####....     1%          4    ###....
f - Fireball              Conj/Fire      ####......   5%          5    #####..


Dungeon Overview and Level Annotations

Branches:
Dungeon (1/1)

Altars:
Cheibriados
Dithmenos
Elyvilon
Fedhas
Gozag
Hepliaklqana
Kikubaaqudgha
Makhleb
Nemelex Xobeh
Okawaru
Qazlal
Ru
Sif Muna
Trog
Uskayaw
Vehumet
Wu Jian
Xom
Yredelemnul
Zin
The Shining One
Beogh
Jiyva
Lugonu


Innate Abilities, Weirdness & Mutations

You are too large for most types of armour.
You have tough skin. (AC +1)


Message History

Casting: Flame Tongue
Confirm with . or Enter, or press ? or * to list all spells.
Aiming: Sticky Flame
Press: ? - help, Shift-Dir - straight line, f/p - seven-headed hydra
Aim: a seven-headed hydra (flame, lightly wounded)
The sticky flame hits the seven-headed hydra.
The seven-headed hydra is moderately wounded.
The seven-headed hydra is covered in liquid flames!
The seven-headed hydra burns!
The seven-headed hydra is engulfed in blazing flames.
The seven-headed hydra bites you!
The seven-headed hydra completely misses you.
The seven-headed hydra bites you!
* * * LOW HITPOINT WARNING * * *
The seven-headed hydra bites you.
* * * LOW HITPOINT WARNING * * *
The seven-headed hydra bites you.
* * * LOW HITPOINT WARNING * * *
The seven-headed hydra bites you!
You die...

▓.▓.▓.▓
▓.▓.▓.▓
▓.▓.▓"▓
▓.▓.▓.▓
▓'▓.▓.▓
▓_▓.▓.▓
▓_▓.▓.▓
▓_▓.▓.▓
▓_▓.▓@▓
▓_▓.▓D▓
▓_▓.▓Y▓
▓_▓.▓F▓
▓_▓.▓H▓
▓_▓.▓.▓
▓_▓.▓l▓
▓_▓.▓F▓
▓_▓.▓


You could see a seven-headed hydra (burning), a komodo dragon, a hippogriff, a
yak, a spiny frog and a bullfrog.

Vanquished Creatures
  A troll (D)
  A wyvern (D)
  A water moccasin (D)
  2 sky beasts (D)
  2 eyes of draining (D)
  A bullfrog (D)
  A crimson imp (D)
  2 hounds (D)
  An orc wizard (D)
  2 worker ants (D)
  A shadow imp (D)
  A bat skeleton (D)
  2 hobgoblins (D)
  A jackal (D)
  2 bats (D)
  A frilled lizard (D)
22 creatures vanquished.

Notes
Turn   | Place    | Note
-------+----------+-------------------------------------------
     0 | D        | Kidiri the Ogre Fire Elementalist began the quest for the Orb.
     0 | D        | Reached XP level 1. HP: 16/16 MP: 3/3
    10 | D        | Reached skill level 1 in Conjurations
    24 | D        | Reached skill level 1 in Fighting
    27 | D        | Reached skill level 3 in Spellcasting
   183 | D        | Noticed a hound
   183 | D        | Noticed a worker ant
   187 | D        | Killed a hound
   187 | D        | Reached skill level 1 in Armour
   187 | D        | Reached skill level 1 in Unarmed Combat
   187 | D        | Reached skill level 4 in Spellcasting
   187 | D        | Reached XP level 2. HP: 15/29 MP: 0/7
   187 | D        | Reached XP level 3. HP: 19/36 MP: 0/8
   191 | D        | Reached XP level 4. HP: 32/45 MP: 0/10
   342 | D        | Found a roughly hewn altar of Beogh.
   342 | D        | Found a snail-covered altar of Cheibriados.
   342 | D        | Found a shadowy altar of Dithmenos.
   342 | D        | Found a white marble altar of Elyvilon.
   342 | D        | Found a blossoming altar of Fedhas.
   342 | D        | Found an opulent altar of Gozag.
   343 | D        | Found a hazy altar of Hepliaklqana.
   344 | D        | Found a viscous altar of Jiyva.
   345 | D        | Found an ancient bone altar of Kikubaaqudgha.
   346 | D        | Found a corrupted altar of Lugonu.
   347 | D        | Found a burning altar of Makhleb.
   348 | D        | Found a sparkling altar of Nemelex Xobeh.
   349 | D        | Found an iron altar of Okawaru.
   350 | D        | Found a stormy altar of Qazlal.
   351 | D        | Found a sacrificial altar of Ru.
   352 | D        | Found a deep blue altar of Sif Muna.
   353 | D        | Found a bloodstained altar of Trog.
   354 | D        | Found a hide-covered altar of Uskayaw.
   355 | D        | Found a radiant altar of Vehumet.
   356 | D        | Found an ornate altar of the Wu Jian Council.
   357 | D        | Found a shimmering altar of Xom.
   358 | D        | Found a basalt altar of Yredelemnul.
   359 | D        | Found a glowing silver altar of Zin.
   360 | D        | Found a glowing golden altar of the Shining One.
   369 | D        | Became a worshipper of Vehumet
   376 | D        | Found the +10 zealot's sword {holy, *Rage rN+ EV+3}
   398 | D        | Learned a level 2 spell: Throw Flame
   402 | D        | Learned a level 3 spell: Conjure Flame
   406 | D        | Learned a level 3 spell: Inner Flame
   406 | D        | Noticed a wyvern
   406 | D        | Noticed a troll
   406 | D        | Noticed a sky beast
   406 | D        | Noticed a sky beast
   412 | D        | Killed a wyvern
   412 | D        | Reached skill level 5 in Fighting
   412 | D        | Reached skill level 6 in Spellcasting
   412 | D        | Reached XP level 5. HP: 57/57 MP: 11/14
   415 | D        | Killed a troll
   415 | D        | Reached skill level 8 in Spellcasting
   415 | D        | Reached skill level 5 in Fire Magic
   415 | D        | Reached XP level 6. HP: 68/68 MP: 12/17
   417 | D        | Killed a sky beast
   417 | D        | Reached * piety under Vehumet
   417 | D        | Offered knowledge of Shock by Vehumet.
   417 | D        | Reached skill level 5 in Dodging
   417 | D        | Reached XP level 7. HP: 76/76 MP: 14/19
   421 | D        | Reached skill level 9 in Spellcasting
   421 | D        | Reached skill level 5 in Conjurations
   422 | D        | Reached ** piety under Vehumet
   498 | D        | Learned a level 4 spell: Sticky Flame
   504 | D        | Learned a level 5 spell: Fireball
   517 | D        | Reached XP level 8. HP: 88/88 MP: 7/21
   520 | D        | Reached *** piety under Vehumet
   529 | D        | Reached skill level 5 in Long Blades
   529 | D        | Reached skill level 10 in Spellcasting
   741 | D        | Noticed a yak
   741 | D        | Noticed a seven-headed hydra
   741 | D        | Noticed a spiny frog
   741 | D        | Noticed a hippogriff
   741 | D        | Noticed a komodo dragon
   744 | D        | Slain by a seven-headed hydra

Vault maps used:
D:        linesprint

Skill      XL: |  1  2  3  4  5  6  7  8 |
---------------+-------------------------+-----
Conjurations   | 2 3 4 5 |  5.7
Dodging        | 2 3 4 5 6 |  6.0
Fighting       | 2 3 5 6 7 8 |  8.2
Spellcasting   | 4 6 8 9 10 | 10.0
Armour         | 1 3 4 |  4.9
Unarmed Combat | 1 2 |  2.1
Fire Magic     | 3 4 5 6 |  6.2
Long Blades    | 2 3 4 5 |  5.0
Stealth        | |  1.4

Action                   |  1- 3 |  4- 6 |  7- 9 || total
-------------------------+-------+-------+-------++-------
Melee: Unarmed           |    26 |     6 |       ||    32
       Eudemon blade     |       |    11 |    13 ||    24
 Cast: Flame Tongue      |     7 |       |     3 ||    10
       Conjure Flame     |       |       |     2 ||     2
       Inner Flame       |       |       |     1 ||     1
       Sticky Flame      |       |       |     1 ||     1
  Use: Potion            |     1 |       |       ||     1
Armor: Robe              |     8 |     1 |     1 ||    10
Dodge: Dodged            |    13 |    10 |     5 ||    28
       Rpst.: Eudemon blade |       |     3 |     1 ||     4

Table legend:
 A = Spawn XP
 B = Non-spawn XP
 C = Spawn XP percentage of total XP
 D = Spawn monster count
 E = Non-spawn monster count
 F = Spawn count percentage of total count
 G = Total turns spent on level
                    A         B        C        D         E        F      G
               +---------+---------+-------+---------+---------+-------+---------
         Total |       0 |    1518 |   0.0 |       0 |      22 |   0.0 |   744
               +---------+---------+-------+---------+---------+-------+---------
             D |       0 |    1518 |   0.0 |       0 |      22 |   0.0 |   744
               +---------+---------+-------+---------+---------+-------+---------
